 Dungeon Crawl Stone Soup version 0.28-a0-401-ge240ad9e29 (webtiles) character file.

Game seed: 12597399039211194913

233 Spaninq the Chopper (level 6, -5/52 HPs)
             Began as a Hill Orc Warper on Sept 4, 2021.
             Slain by Duvessa (13 damage)
             ... on level 4 of the Dungeon.
             The game lasted 00:06:38 (4309 turns).

Spaninq the Chopper (Hill Orc Warper)               Turns: 4309, Time: 00:06:39

Health: -5/52      AC:  9    Str: 16    XL:     6   Next: 4%
Magic:  8/8        EV:  9    Int: 13    God:
Gold:   150        SH:  0    Dex: 10    Spells: 5/8 levels left

rFire   . . .      SeeInvis .   n - +2 whip (flame)
rCold   . . .      Faith    .   (no shield)
rNeg    . . .      Spirit   .   m - +0 scale mail
rPois   .          Reflect  .   i - +0 helmet
rElec   .          Harm     .   f - +0 cloak
rCorr   +          Rampage  .   (no gloves)
Will    .....                   (no boots)
Stlth   ..........              (no amulet)
HPRegen 0.17/turn               o - ring of resist corrosion
MPRegen 0.11/turn               (no ring)

@: no status effects
A: no striking features
a: no special abilities


You were on level 4 of the Dungeon.
You visited 1 branch of the dungeon, and saw 4 of its levels.

You collected 150 gold pieces.

Inventory:

Hand Weapons
 a - a +0 hand axe
 n - a +2 whip of flaming (weapon)
Missiles
 d - 5 boomerangs of dispersal (quivered)
Armour
 f - a +0 cloak (worn)
 i - a +0 helmet (worn)
 m - a +0 scale mail (worn)
Jewellery
 o - a ring of resist corrosion (left hand)
Scrolls
 b - 3 scrolls of identify {unknown}
 c - 2 scrolls of blinking
 e - a scroll of holy word {unknown}
 g - a scroll of fog {unknown}
 h - a scroll of immolation {unknown}
 j - a scroll of brand weapon {unknown}
 l - a scroll of torment {unknown}
 p - a scroll of enchant weapon {unknown}
Potions
 k - a potion of haste
 q - a potion of magic {unknown}
 r - 2 potions of flight {unknown}
 s - a potion of berserk rage {unknown}
 t - 2 potions of might {unknown}


   Skills:
 + Level 4.1 Fighting
 * Level 6.0 Axes
 - Level 0.8 Throwing
 + Level 3.2 Armour
 - Level 1.5 Dodging
 - Level 1.5 Spellcasting
 - Level 2.4 Translocations


You had 5 spell levels left.
You knew the following spells:

 Your Spells              Type           Power      Damage    Failure   Level
a - Apportation           Tloc           14%        N/A       34%         1
b - Blink                 Tloc           N/A        N/A       47%         2

Your spell library contained the following spells:

 Spells                   Type           Power      Damage    Failure   Level
 Animate Skeleton         Necr           2%         N/A       67%         1
 Corona                   Hex            1%         N/A       67%         1
 Pain                     Necr           4%         1d4       67%         1
 Summon Small Mammal      Summ           4%         N/A       67%         1
 Gell's Gravitas          Tloc           3%         N/A       71%         3
 Lesser Beckoning         Tloc           7%         N/A       71%         3
 Teleport Other           Tloc           7%         N/A       71%         3
 Passwall                 Tmut/Erth      0%         N/A       82%         2
 Poisonous Vapours        Pois/Air       2%         N/A       82%         2
 Slow                     Hex            1%         N/A       82%         2
 Call Canine Familiar     Summ           1%         N/A       96%         3
 Confusing Touch          Hex            1%         N/A       96%         3
 Spider Form              Tmut/Pois      0%         N/A       96%         3
 Summon Guardian Golem    Hex/Summ       1%         N/A       96%         3
 Swiftness                Air            1%         N/A       96%         3
 Vampiric Draining        Necr           0%         2d6       96%         3
 Alistair's Intoxication  Tmut/Pois      0%         N/A       100%        5
 Manifold Assault         Tloc           7%         N/A       100%        5
 Yara's Violent Unravell  Hex/Tmut       0%         3d3       100%        5
 Invisibility             Hex            0%         N/A       100%        6


Dungeon Overview and Level Annotations

Branches:
Dungeon (4/15)
 Temple: D:4-7

Altars:
Okawaru
Xom

Annotations:
D:4 Dowan, Duvessa


Message History

Duvessa hits you with a +0 rapier. Duvessa closely misses you.
You closely miss Duvessa.
Duvessa is lightly wounded.
Duvessa hits you but does no damage.
You hit Duvessa. You burn Duvessa.
Duvessa is moderately wounded.
Duvessa hits you with a +0 rapier. Duvessa hits you but does no damage.
You aren't carrying any items that you can evoke.
You hit Duvessa. You burn Duvessa.
Duvessa is moderately wounded.
Duvessa misses you.
Dowan casts a spell.
Dowan blinks!
You closely miss Duvessa.
Duvessa is moderately wounded.
Duvessa hits you but does no damage.
Dowan says, "Stay away from my face!"
Duvessa hits you but does no damage.
You barely miss Duvessa.
Duvessa is moderately wounded.
Duvessa hits you with a +0 rapier.
Dowan says, "Stay away from my face!"
You closely miss Duvessa.
Duvessa is moderately wounded.
Duvessa hits you but does no damage. x2
You hit Duvessa. You burn Duvessa.
Duvessa is heavily wounded.
Duvessa hits you with a +0 rapier.
You hit Duvessa but do no damage.
Duvessa is heavily wounded.
Duvessa hits you with a +0 rapier!
* * * LOW HITPOINT WARNING * * *
Dowan mumbles some strange words.
Dowan blinks!
You barely miss Duvessa.
Duvessa is heavily wounded.
Duvessa hits you with a +0 rapier.
* * * LOW HITPOINT WARNING * * *
Duvessa hits you with a +0 rapier!
You die...

#.#####.# # ####
...#####.......#.# ....
..........e.....># ####
...#####..#......# .#
#..#..###.# .# ##### #..#..#####
.# ####...# #..#..e...# .
.########....#.###..#e####.#....
.#........##.#..@e§.#......e....
...#####.....#####..######..e.#.
####...#####........# ##.#
....._. +...###.## ####...
####...# #.# ...#####.....#.#
#.# .#........####.###.#
...#.#.#### #.....# ##.#.#.#####
##.#..##


You could see Duvessa (fast).

Vanquished Creatures
  2 scorpions (D:4)
  An orc wizard (D:3)
  4 adders
  An adder skeleton (D:4)
  A worm (D:2)
  7 orcs (D:3)
  A ball python (D:2)
  3 endoplasms
  A giant cockroach (D:2)
  3 hobgoblins
  4 kobolds
  2 quokkas (D:1)
  5 bats
  3 frilled lizards (D:2)
  6 goblins
  4 rats
48 creatures vanquished.

Vanquished Creatures (others)
  2 fungi (D:2)
2 creatures vanquished.

Grand Total: 50 creatures vanquished

Notes
Turn   | Place    | Note
-------+----------+-------------------------------------------
     0 | D:1      | Spaninq the Hill Orc Warper began the quest for the Orb.
     0 | D:1      | Reached XP level 1. HP: 18/18 MP: 3/3
   419 | D:1      | Got the Catalogue of Contamination
   508 | D:1      | Learned a level 1 spell: Apportation
   523 | D:1      | Reached skill level 3 in Axes
   672 | D:1      | Reached XP level 2. HP: 25/25 MP: 4/4
   675 | D:1      | Learned a level 2 spell: Blink
  1331 | D:2      | Reached XP level 3. HP: 23/31 MP: 5/5
  1672 | D:2      | Reached skill level 4 in Axes
  1817 | D:2      | Found a faded altar of an unknown god.
  2072 | D:2      | Reached XP level 4. HP: 33/38 MP: 6/6
  2309 | D:2      | You fall into a shaft and drop 1 floor!
  3550 | D:3      | Found an iron altar of Okawaru.
  3566 | D:3      | Reached skill level 5 in Axes
  3853 | D:4      | Reached XP level 5. HP: 45/45 MP: 7/7
  3939 | D:4      | Found a shimmering altar of Xom.
  4157 | D:4      | Reached skill level 6 in Axes
  4157 | D:4      | Reached XP level 6. HP: 37/52 MP: 8/8
  4272 | D:4      | Noticed Duvessa
  4272 | D:4      | Noticed Dowan
  4309 | D:4      | Slain by Duvessa

Illustrated notes

Levels and vault maps discovered:
D:1:      lightli_arrival_flooded_house, layout_basic
D:2:      layout_basic, dreamdust_ecumenical_altar_hidden_monk_grotto,
          patterned_corridor
D:3:      layout_basic, okawaru_altar_gauntlet_db
D:4:      layout_basic, mainiacjoe_overflow_surrounded_room, demons_altar,
          gammafunk_temple_overflow_claw, temple_green, nicolae_shop_clearance,
          uniq_duvessa

Skill      XL: |  1  2  3  4  5 |
---------------+----------------+-----
Axes           | 3 4 5 6 |  6.0
Fighting       | 3 4 |  4.1
Armour         | 2 3 |  3.2
Throwing       | |  0.8
Dodging        | |  1.5
Spellcasting   | |  1.5
Translocations | |  2.4

Action                   |  1- 3 |  4- 6 || total
-------------------------+-------+-------++-------
Melee: Hand axe          |   112 |    64 ||   176
       Whip              |       |    65 ||    65
  Use: Potion            |       |     1 ||     1
Armor: Ring mail         |    35 |     2 ||    37
       Leather armour    |     1 |       ||     1
       Scale mail        |       |    52 ||    52
Dodge: Dodged            |    63 |    40 ||   103

Table legend: (Time is in decaauts)
 A = Elapsed time spent in this place.
 B = Non-inter-level travel time spent in this place.
 C = Inter-level travel time spent in this place.
 D = Time resting spent in this place.
 E = Time spent auto-exploring this place.
 F = Levels seen in this place.
 G = Mean time per level.
                   A        B        C        D        E       F      G
               +--------+--------+--------+--------+--------+-----+--------+
         Total |   4315 |   4166 |    149 |   1054 |   2445 |   4 | 1078.8 |
       Dungeon |   4315 |   4166 |    149 |   1054 |   2445 |   4 | 1078.8 |
               +--------+--------+--------+--------+--------+-----+--------+

Top non-repeatable levels by time:
     D:2: 1542 daAuts
     D:1: 1390 daAuts
     D:3: 925 daAuts
     D:4: 457 daAuts
